 Dungeon Crawl Stone Soup version 0.21-a0-625-g1119ec1 (webtiles) character file.

24 ABunchOfTrees the Sneak (level 2, 0/22 HPs)
             Began as a Demonspawn Assassin on Dec 25, 2017.
             Was an Initiate of Nemelex Xobeh.
             Slain by an ooze (2 damage)
             ... on level 2 of the Dungeon.
             The game lasted 00:08:51 (1141 turns).

ABunchOfTrees the Sneak (Demonspawn Assassin)       Turns: 1141, Time: 00:08:52

Health: 0/22       AC:  7    Str: 11    XL:     2   Next: 79%
Magic:  2/2        EV:  8    Int: 12    God:    Nemelex Xobeh [......]
Gold:   90         SH:  0    Dex: 14    Spells: 1/1 levels left

rFire    . . .     SeeInvis .   a - +2 dagger
rCold    . . .     Gourm    .   (no shield)
rNeg     . . .     Faith    .   n - +0 scale mail
rPois    .         Spirit   .   o - +0 hat
rElec    .         Reflect  .   d - +0 cloak
rCorr    .         Harm     .   (no gloves)
MR       .....                  (no boots)
Stlth    +.........             (no amulet)
HPRegen  0.07/turn              i - ring of wizardry (curse)
MPRegen  0.08/turn              (no ring)

@: no status effects
A: powered by death 1
a: Renounce Religion


You were on level 2 of the Dungeon.
You worshipped Nemelex Xobeh.
Nemelex Xobeh was noncommittal.
You were not hungry.

You visited 1 branch of the dungeon, and saw 2 of its levels.

You collected 90 gold pieces.

Inventory:

Hand Weapons
 a - a +2 dagger (weapon)
 b - a +0 blowgun
Missiles
 e - 8 poisoned needles (quivered)
 f - 2 curare-tipped needles
 h - a stone
 k - 23 arrows
Armour
 c - a +0 robe
 d - a +0 cloak (worn)
 j - a +0 leather armour
 n - a +0 scale mail (worn)
 o - a +0 hat (worn)
Jewellery
 i - a cursed ring of wizardry (left hand)
Scrolls
 m - a scroll of enchant weapon
Miscellaneous
 l - a legendary deck of destruction {drawn: 1}
Comestibles
 g - 4 rations


   Skills:
 + Level 2.2 Fighting
 + Level 1.9 Short Blades
 + Level 1.8 Throwing
 + Level 0.2 Armour
 + Level 0.9 Dodging
 + Level 4.3 Stealth


You had one spell level left.
You didn't know any spells.

Dungeon Overview and Level Annotations

Branches:
Dungeon (2/15)

Altars:
Nemelex Xobeh
Xom


Innate Abilities, Weirdness & Mutations

You regenerate a little health from kills.


Message History

* * * LOW HITPOINT WARNING * * *
The goblin completely misses you. The goblin misses you. The ooze hits you.
* * * LOW HITPOINT WARNING * * *
Your unstable footing causes you to fumble your attack.
The leopard gecko barely misses you. The goblin barely misses you.
The goblin hits you but does no damage. The ooze hits you but does no damage.
You barely miss the leopard gecko.
The leopard gecko is moderately wounded.
The leopard gecko bites you but does no damage.
The goblin hits you but does no damage. x2
You hit the leopard gecko.
You kill the leopard gecko!
The ooze hits you but does no damage. The goblin hits you.
* * * LOW HITPOINT WARNING * * *
The ooze closely misses you. The goblin hits you.
* * * LOW HITPOINT WARNING * * *
The goblin hits you but does no damage. The ooze hits you.
You die...
Your body disappears without a glow.

##### ###≈#≈#
##.?≈#.###
##..≈##.≈≈#
##≈..?#†.g#
#.(≈.≈.#gJ##
#..≈...#..@#
##.....≈.≈⌠#
##≈..≈.≈≈≈.#
#$.....##.≈###
#.##≈.⌠..≈..#
#.#.≈.....#._#
# ##.#....%.≈#
⌠.####.#.##
#.⌠..≈##≈≈.#


You could see an ooze and 2 goblins.

Vanquished Creatures
  A dart slug (D:1)
  A leopard gecko (D:2)
  3 bats (D:1)
  4 goblins (D:1)
  5 hobgoblins
  2 frilled lizards (D:1)
  3 kobolds (D:1)
19 creatures vanquished.

Notes
Turn   | Place    | Note
-------+----------+-------------------------------------------
     0 | D:1      | ABunchOfTrees the Demonspawn Assassin began the quest for the Orb.
     0 | D:1      | Reached XP level 1. HP: 16/16 MP: 1/1
   153 | D:1      | Reached skill level 4 in Stealth
   192 | D:1      | Gained mutation: You regenerate a little health from kills. [demonic ancestry]
   192 | D:1      | Reached XP level 2. HP: 9/22 MP: 2/2
   417 | D:1      | Found a sparkling altar of Nemelex Xobeh.
   425 | D:1      | Became a worshipper of Nemelex Xobeh the Trickster
   678 | D:1      | Received a gift from Nemelex Xobeh
  1120 | D:2      | Found a shimmering altar of Xom.
  1141 | D:2      | Slain by an ooze

Vault maps used:
D:1:      elethiomel_arrival_maze, nemelex_diamond_rough_becter
D:2:      tgw_xom

Skill      XL: |  1 |
---------------+----+-----
Stealth        | 4 |  4.3
Fighting       | |  2.2
Short Blades   | |  1.9
Throwing       | |  1.8
Armour         | |  0.2
Dodging        | |  0.9

Action                   || total
-------------------------++-------
Melee: Dagger            ||    77
Evoke: Deck              ||     1
  Use: Scroll            ||     2
 Stab: Sleeping          ||     3
  Eat: Ration            ||     1
Armor: Robe              ||     9
       Scale mail        ||    21
       Leather armour    ||    18
Dodge: Dodged            ||    46

Table legend:
 A = Spawn XP
 B = Non-spawn XP
 C = Spawn XP percentage of total XP
 D = Spawn monster count
 E = Non-spawn monster count
 F = Spawn count percentage of total count
 G = Total turns spent on level
                    A         B        C        D         E        F      G
               +---------+---------+-------+---------+---------+-------+---------
         Total |       0 |      35 |   0.0 |       0 |      19 |   0.0 |  1141
               +---------+---------+-------+---------+---------+-------+---------
           D:1 |       0 |      28 |   0.0 |       0 |      16 |   0.0 |  1063
           D:2 |       0 |       7 |   0.0 |       0 |       3 |   0.0 |    78
               +---------+---------+-------+---------+---------+-------+---------
